AoeStats
← vxd81097

Arena

510768016Analyzed
1v1 RM · 21h ago on Oct 2, 2026· 34m 34s· 2 players
Game mode
Random Map
Map size
Tiny (2 player)
Population
200
Speed
Normal
Resources
Standard
Victory
Conquest
Starting age
Dark Age
Ending age
Imperial Age
RankedLock teamsTeams togetherTeam positionsShared explorationLock speedFull tech treeHidden civsTurbo modeCheats
Victory
Defeat
🇦🇷 Sicilians · Argentina
500
+25
🇵🇪 Bohemians · Peru
454
-14
vxd81097
8:39 Loom
11:24 Feudal Age
11:57 Double-Bit Axe
15:12 Wheelbarrow
17:30 Forging
17:11 Fletching
17:23 Padded Archer Armor
17:26 Scale Mail Armor
17:35 Padded Archer Armor
25:16 Castle Age
27:58 Squires
28:55 Elite Skirmisher
29:59 Hand Cart
29:58 Arson
LAUTY71990
4:39 Loom
13:01 Feudal Age
15:47 Wheelbarrow
15:52 Wheelbarrow
23:23 Castle Age
Connection lost

Rejoining the realm…

Still unreachable

The connection could not be restored.

Session expired

The server has moved on; the page needs a fresh start.